 Dungeon Crawl Stone Soup version 0.29.1-15-g9cfb28693d (webtiles) character file.

Game seed: 12045043738905765752

98 Descartes the Shield-Bearer (level 5, -1/42 HPs)
             Began as a Formicid Fighter on Apr 6, 2023.
             Slain by a quokka (3 damage)
             ... on level 3 of the Dungeon.
             The game lasted 00:02:55 (2485 turns).

Descartes the Shield-Bearer (Formicid Fighter)      Turns: 2485, Time: 00:02:56

Health: -1/42      AC:  9    Str: 21 (23) XL:     5   Next: 1%
Magic:  5/5        EV:  7    Int:  5 (7)  God:
Gold:   121        SH:  4    Dex: 10 (13) Spells: 4/4 levels left

rFire   . . .      SeeInvis +   a - +0 war axe
rCold   . . .      Faith    .   c - +0 buckler
rNeg    . . .      Spirit   .   i - +0 chain mail
rPois   .          Reflect  .   (helmet unavailable)
rElec   .          Harm     .   (no cloak)
rCorr   .          Rampage  .   (no gloves)
Will    .....                   (no boots)
Stlth   ..........              k - amulet of the acrobat
HPRegen 0.14/turn               (no ring)
MPRegen 0.09/turn               (no ring)

@: no status effects
A: permanent stasis, dig shafts and tunnels, antennae 3, four strong arms
a: Dig, Shaft Self


You were on level 3 of the Dungeon.
You visited 1 branch of the dungeon, and saw 3 of its levels.

You collected 121 gold pieces.

Inventory:

Hand Weapons
 a - a +0 war axe (weapon)
Missiles
 g - 10 poisoned darts
 j - 2 javelins
Armour
 c - a +0 buckler (worn)
 i - a +0 chain mail (worn)
Jewellery
 k - an amulet of the acrobat (around neck)
 l - a +6 ring of intelligence
Scrolls
 e - a scroll of enchant armour {unknown}
 m - a scroll of identify {unknown}
Potions
 b - a potion of mutation {unknown}
 d - a potion of might
 f - a potion of haste {unknown}
 h - a potion of degeneration
 n - a potion of lignification {unknown}


   Skills:
 + Level 3.9 Fighting
 + Level 2.7 Axes
 + Level 3.9 Armour
 + Level 4.7 Shields
 + Level 2.0 Earth Magic


You had 4 spell levels left.
You didn't know any spells.
Your spell library was empty.

Dungeon Overview and Level Annotations

Branches:
Dungeon (3/15)

Altars:
Vehumet

Shops:
D:3 =(

Annotations:
D:3 Grinder


Innate Abilities, Weirdness & Mutations

You cannot be hasted, slowed, berserked, paralysed or teleported.
You can dig through walls and to a lower floor.
You have a pair of large antennae on your head. (SInv)
Your four strong arms can wield two-handed weapons with a shield.


Message History

Grinder says, "I used to sell toenails on the black market."
You miss the quokka.
The quokka is almost dead.
You hit Grinder. The quokka barely misses you.
Grinder zaps a wand.
The puff of flame hits you.
The quokka bites you but does no damage.
You are too injured to fight recklessly!
You are too injured to fight recklessly!
You are too injured to fight recklessly!
You are too injured to fight recklessly!
You are too injured to fight recklessly!
You are too injured to fight recklessly!
You are too injured to fight recklessly!
You are too injured to fight recklessly!
You are too injured to fight recklessly!
You are too injured to fight recklessly!
You are too injured to fight recklessly!
You are too injured to fight recklessly!
Unknown command.
You slash Grinder!
Grinder is moderately wounded.
You closely miss the quokka. The quokka bites you.
Grinder zaps a wand.
The puff of flame hits you. You block the quokka's attack.
Grinder says, "You look like you could use a good racking."
Grinder hits you but does no damage.
Unknown command.
You hit Grinder.
Grinder is heavily wounded.
You closely miss the quokka.
The quokka bites you but does no damage.
Grinder grins, showing sharp teeth.
Grinder hits you!
* * * LOW HITPOINT WARNING * * *
You writhe in agony.
* * * LOW HITPOINT WARNING * * *
It was a potion of degeneration.
There was something very wrong with that liquid.
You feel weakened.
You feel dopey.
You feel clumsy. The quokka bites you.
You die...

.#.##.#............##
....#.#.............######
....#.#...###.###.#......#
....#.#### #.# #..######..
....# #.# ##.# ###. #####
#. #.##..... #....#
#.####...## #..5@....#
.....###r∩..# .## .....#
..#.>.# .####.## .# .. ..
#.. #. .##


You could see Grinder and a quokka.

Vanquished Creatures
  4 gnolls
  An adder (D:2)
  A worm (D:2)
  2 dart slugs
  4 bats
  6 endoplasms
  11 goblins
  A hobgoblin (D:1)
  2 quokkas (D:1)
  5 ball pythons
  A frilled lizard (D:1)
  A kobold (D:2)
  6 rats
45 creatures vanquished.

Notes
Turn   | Place    | Note
-------+----------+-------------------------------------------
     0 | D:1      | Descartes the Formicid Fighter began the quest for the Orb.
     0 | D:1      | Reached XP level 1. HP: 18/18 MP: 1/1
   188 | D:1      | Reached XP level 2. HP: 24/24 MP: 2/2
   303 | D:1      | Reached skill level 1 in Earth Magic
   303 | D:1      | Reached XP level 3. HP: 21/29 MP: 3/3
   981 | D:2      | Reached XP level 4. HP: 7/37 MP: 4/4
  2093 | D:2      | Found a faded altar of an unknown god.
  2206 | D:2      | Reached XP level 5. HP: 42/42 MP: 5/5
  2339 | D:3      | Found Jinnibi's Jewellery Shop.
  2417 | D:3      | Found a radiant altar of Vehumet.
  2469 | D:3      | Found Ruryco's Antique Weapon Emporium.
  2475 | D:3      | Noticed Grinder
  2484 | D:3      | HP: 2/42 [Grinder (3)]
  2485 | D:3      | Slain by a quokka

Illustrated notes

Levels and vault maps discovered:
D:1:      ncdulo_watergridlock, layout_basic, columned_hall_lemuel
D:2:      layout_basic, ebering_ecumenical_altar_webs, st_stairs_2
D:3:      minmay_bubble_buster, layout_rooms, mainiacjoe_overflow_boulevard,
          mainiacjoe_overflow_paths, serial_shops, nicolae_diamond_shop,
          nicolae_shop_window_shopping, shop, shop, uniq_crazy_yiuf_cottage,
          uniq_grinder

Skill      XL: |  1  2  3  4 |
---------------+-------------+-----
Earth Magic    | 1 2 |  2.0
Fighting       | |  3.9
Axes           | |  2.7
Armour         | |  3.9
Shields        | |  4.7

Action                   |  1- 3 |  4- 6 || total
-------------------------+-------+-------++-------
Melee: War axe           |    72 |    50 ||   122
  Use: Potion            |       |     1 ||     1
Armor: Scale mail        |    25 |       ||    25
       Chain mail        |    10 |    24 ||    34
Dodge: Dodged            |    20 |    17 ||    37
Block: Buckler           |    20 |    14 ||    34
